AoeStats
← chekoww

Black Forest

504321188Analyzed
2v2 RM · 27d ago on Sep 4, 2026· 60m 52s· 4 players
Game mode
Random Map
Map size
Medium (4 player)
Population
200
Speed
Normal
Resources
Standard
Victory
Conquest
Starting age
Dark Age
Ending age
Imperial Age
RankedLock teamsTeams togetherTeam positionsShared explorationLock speedFull tech treeHidden civsTurbo modeCheats
Victory
Defeat
🇹🇷 Huns · Türkiye
537
+15
🇹🇷 Japanese · Türkiye
537
+15
🇸🇪 Celts · Sweden
563
-16
🇦🇷 Chinese · Argentina
481
-14
Bay Gandalf
0:45 Loom
24:35 Feudal Age
24:37 Man-at-Arms
26:53 Horse Collar
32:06 Wheelbarrow
32:56 Gold Mining
32:59 Stone Mining
38:17 Castle Age
36:46 Double-Bit Axe
37:35 Bloodlines
38:01 Scale Barding Armor
38:01 Scale Mail Armor
38:28 Forging
39:01 Light Cavalry
39:44 Heavy Plow
40:01 Hand Cart
40:09 Bow Saw
46:12 Imperial Age
49:13 Capped Ram
53:56 Two-Man Saw
52:48 Elite Samurai
53:49 Conscription
53:58 Conscription
55:18 Chemistry
55:06 Masonry
PainEATER
0:31 Loom
21:03 Feudal Age
21:08 Man-at-Arms
22:21 Double-Bit Axe
22:58 Gold Mining
31:55 Stone Mining
35:50 Castle Age
39:18 Bow Saw
39:47 Gold Shaft Mining
38:54 Horse Collar
43:43 Scale Mail Armor
43:48 Scale Barding Armor
47:08 Chain Mail Armor
46:59 Scale Barding Armor
47:05 Forging
48:46 Husbandry
54:27 Imperial Age
52:58 Chain Barding Armor
53:17 Iron Casting
55:26 Cavalier
57:18 Plate Barding Armor
57:54 Blast Furnace
59:46 Paladin
chekoww
0:54 Loom
crvanek
0:48 Loom
10:47 Feudal Age
12:24 Horse Collar
13:47 Wheelbarrow
13:13 Arson
12:50 Man-at-Arms
19:17 Bloodlines
31:39 Castle Age
33:03 Elite Skirmisher
36:19 Thumb Ring
40:14 Forging
39:56 Fletching
40:17 Squires
41:01 Husbandry
47:46 Hand Cart
55:26 Imperial Age
53:28 Gold Mining
53:29 Stone Mining
55:02 Ballistics
57:21 Double-Bit Axe
59:46 Chemistry
58:58 Masonry
58:28 Cavalier
Connection lost

Rejoining the realm…

Still unreachable

The connection could not be restored.

Session expired

The server has moved on; the page needs a fresh start.